 Dungeon Crawl Stone Soup version 0.31-a0-164-g2312942fda (webtiles) character file.

Game seed: 8182394519745755630

126 qw the Shooter (level 5, 0/32 HPs)
             Began as a Gargoyle Hunter on June 13, 2023.
             Killed by nerve-wracking pain
             ... invoked by Grinder
              (5 damage)
             ... on level 3 of the Dungeon.
             The game lasted 00:00:45 (2274 turns).

qw the Shooter (Gargoyle Hunter)                    Turns: 2274, Time: 00:00:45

Health: 0/32       AC:  9    Str: 14    XL:     5   Next: 10%
Magic:  5/5        EV: 10    Int: 10    God:
Gold:   173        SH:  0    Dex: 15    Spells: 4/4 levels left

rFire   . . .        Y - +1 shortbow
rCold   . . .        (shield currently unavailable)
rNeg    + . .        f - +0 ring mail
rPois   inf          (no helmet)
rElec   +            (no cloak)
rCorr   .            (no gloves)
SInv    .            (no boots)
Will    .....        (no amulet)
Stlth   +            (no ring)
HPRegen 0.25/turn    (no ring)
MPRegen 0.09/turn

%: no passive effects
@: about to teleport
A: sickness immunity, AC +4, negative energy resistance 1, electricity
resistance, torment resistance 1, petrification resistance
a: no special abilities


You were on level 3 of the Dungeon.
You visited 1 branch of the dungeon, and saw 3 of its levels.

You collected 173 gold pieces.


Innate Abilities, Weirdness & Mutations

You are immune to sickness and miasma.
Your stone body is resilient. (AC +4)
You are immune to poison.
You resist negative energy. (rN+)
You are resistant to electric shocks. (rElec)
You are resistant to unholy torment.
You are immune to petrification.


   Skills:
 - Level 3.0 Fighting
 + Level 5.7 Ranged Weapons
 - Level 1.1 Armour
 - Level 1.5 Dodging
 - Level 1.1 Stealth


You had 4 spell levels left.
You didn't know any spells.
Your spell library was empty.

Inventory:

Hand Weapons
 Y - a +1 shortbow (weapon)
Armour
 e - a +0 helmet
 f - a +0 ring mail (worn)
Jewellery
 c - a ring of fire
Scrolls
 b - a scroll of identify
Potions
 d - 3 potions of heal wounds {unknown}
 g - a potion of might {unknown}
 h - a potion of degeneration {unknown}
 i - a potion of attraction {unknown}
 j - a potion of curing {unknown}
 k - a potion of haste {unknown}

Dungeon Overview and Level Annotations

Branches:
Dungeon (3/15)

Altars:

Annotations:
D:3 Grinder


Message History

You shoot an arrow. The arrow barely misses Grinder.
Grinder gestures at you.
You suddenly lose the ability to move!
Grinder gestures at you. You resist with significant effort.
Grinder gestures at you.
You shrug off the repeated paralysis!
Grinder blinks!
You can move again.
You shoot an arrow. The arrow closely misses Grinder.
You shoot an arrow. The arrow barely misses Grinder.
You shoot an arrow.
The arrow hits Grinder but does no damage.
Grinder is lightly wounded.
Grinder says, "At least Makhleb appreciates what I'm doing."
You shoot an arrow. The arrow hits Grinder.
Grinder is lightly wounded.
Grinder gestures at you.
You suddenly lose the ability to move!
Grinder hits you! Grinder gestures at you.
You shrug off the repeated paralysis!
You can move again.
You shoot an arrow. The arrow completely misses Grinder.
Grinder closely misses you.
You shoot an arrow. The arrow closely misses Grinder.
Grinder hits you!
You shoot an arrow. The arrow closely misses Grinder.
Grinder hits you!
You writhe in agony.
You shoot an arrow. The arrow hits Grinder.
Grinder is moderately wounded.
Grinder hits you.
2273 ||| READING scroll of teleportation.
As you read the scroll of teleportation, it crumbles to dust.
You feel strangely unstable. Grinder hits you but does no damage.
You shoot an arrow. The arrow barely misses Grinder.
Grinder gestures at you. Pain shoots through your body!
You die...

#.# #.# #.# ##.##
##...## ##.....##
##.......#
#........########
#####
###.............@.#
#...###
....#.....#######5#
#...... #####.....#
.# #...### ##...##
.# ##.## ##.##
.#### #.# #.# ?...#
#.# #.# ###.# #.#
##'## #.#
#####.#### ##...##
#.# #.........


You could see Grinder.

Vanquished Creatures
  6 adders
  A worm (D:2)
  A dart slug (D:1)
  7 ball pythons
  7 bats
  7 endoplasms
  3 giant cockroaches
  3 goblins
  7 hobgoblins
  4 jackals (D:3)
  2 quokkas
  A frilled lizard (D:1)
  6 kobolds
  6 rats
61 creatures vanquished.

Notes
Turn   | Place    | Note
-------+----------+-------------------------------------------
     0 | D:1      | qw the Gargoyle Hunter began the quest for the Orb.
     0 | D:1      | Reached XP level 1. HP: 12/12 MP: 1/1
     0 | D:1      | 0 ||| qw: Version: 0.2-a-29-gc1b59c4
     0 | D:1      | 0 ||| qw: Game counter: 4605
     0 | D:1      | 0 ||| qw: Always use a shield: true
     0 | D:1      | 0 ||| qw: God list: Okawaru
     0 | D:1      | 0 ||| qw: Allow faded altars: false
     0 | D:1      | 0 ||| qw: Do Orc after D:15 true
     0 | D:1      | 0 ||| qw: Do second Lair branch before Depths: true
     0 | D:1      | 0 ||| qw: Lair rune preference: random
     0 | D:1      | 0 ||| qw: Plans: Normal, Zot:1-4, Slime:5, God:TSO, Crypt,
                  | Tomb, Abyss, Pan, Hells, Win
     0 | D:1      | 0 ||| PLANNING D:1-11
   129 | D:1      | Reached XP level 2. HP: 17/17 MP: 2/2
   539 | D:1      | Reached XP level 3. HP: 21/21 MP: 3/3
   568 | D:1      | 568 ||| UPGRADING to +0 ring mail.
   578 | D:1      | 578 ||| DROPPING +0 leather armour.
   579 | D:1      | 579 ||| READING scroll labelled RURPHA XAL CASS.
   580 | D:1      | 580 ||| READING scroll labelled AXTUM XAMESEGIORPH.
   581 | D:1      | 581 ||| READING scroll labelled ENLOAC NOYPHAA.
   582 | D:1      | 582 ||| DROPPING scroll of butterflies.
   633 | D:2      | Reached skill level 1 in Armour
   644 | D:2      | Reached skill level 5 in Ranged Weapons
   760 | D:2      | Reached XP level 4. HP: 25/27 MP: 4/4
   793 | D:2      | Reached skill level 3 in Fighting
  1487 | D:2      | 1487 ||| READING 2 scrolls labelled ROSMECWUCUL.
  1490 | D:2      | 1490 ||| READING scroll labelled LITTEF DOYKHE.
  1685 | D:3      | Reached XP level 5. HP: 32/32 MP: 5/5
  2255 | D:3      | Noticed Grinder
  2258 | D:3      | Paralysed by Grinder for 5 turns
  2266 | D:3      | Paralysed by Grinder for 3 turns
  2272 | D:3      | HP: 4/32 [Grinder (5)]
  2273 | D:3      | 2273 ||| READING scroll of teleportation.
  2274 | D:3      | Killed from afar by Grinder

Levels and vault maps discovered:
D:1:      sevenhm_arrival_forest_fort_small_6, layout_loops_ring
D:2:      layout_basic
D:3:      layout_loops_corners, uniq_grinder

Skill      XL: |  1  2  3  4 |
---------------+-------------+-----
Armour         | 1 |  1.1
Ranged Weapons | 5 |  5.7
Fighting       | 3 |  3.0
Dodging        | |  1.5
Stealth        | |  1.1

Action                     |  1- 3 |  4- 6 || total
---------------------------+-------+-------++-------
   Fire: Shortbow          |    73 |   118 ||   191
    Use: Scroll            |     3 |     3 ||     6
 Armour: Leather armour    |     6 |       ||     6
         Ring mail         |     4 |    30 ||    34
  Dodge: Dodged            |    12 |    26 ||    38

Table legend:
 A = Non-vault XP
 B = Vault XP
 C = Vault XP percentage of total XP
 D = Non-vault monster count
 E = Vault monster count
 F = Vault count percentage of total count
                 A         B        C        D         E       F
            +---------+---------+-------+---------+---------+-------
      Total |     181 |       0 |   0.0 |      61 |       0 |   0.0
            +---------+---------+-------+---------+---------+-------
        D:1 |      35 |       0 |   0.0 |      19 |       0 |   0.0
        D:2 |     105 |       0 |   0.0 |      26 |       0 |   0.0
        D:3 |      41 |       0 |   0.0 |      16 |       0 |   0.0
            +---------+---------+-------+---------+---------+-------
